 Dungeon Crawl Stone Soup version 0.31-a0-831-g143b1e81fc (webtiles) character file.

Game seed: 9620204522060911353

2087 MackTheKnife the Skirmisher (level 9, -2/47 HPs)
             Began as a Tengu Hexslinger on Sept 24, 2023.
             Was a Priest of Vehumet.
             Slain by Erica
             ... wielding a +2 scimitar of flaming
              (16 damage)
             ... on level 8 of the Dungeon.
             The game lasted 00:09:15 (6109 turns).

MackTheKnife the Skirmisher (Tengu Hexslinger)      Turns: 6109, Time: 00:09:16

Health: -2/47      AC:  7    Str: 15    XL:     9   Next: 27%
Magic:  12/12      EV: 21    Int: 14    God:    Vehumet [***...]
Gold:   340        SH:  5    Dex: 28    Spells: 5/10 levels left

rFire   . . .        B - +0 orcbow
rCold   . . .        (shield currently unavailable)
rNeg    . . .        D - +2 leather armour {rPois}
rPois   +            h - +2 hat
rElec   .            f - scarf {+Inv}
rCorr   .            (no gloves)
SInv    .            (boots unavailable)
Will    .....        o - amulet of reflection
Stlth   ++           v - +6 ring of dexterity
HPRegen 0.27/turn    l - +6 ring of strength
MPRegen 0.13/turn

%: reflection, acrobat
@: about to teleport, flying
A: beak, talons 3, evasive flight, acrobatic, claws 1, agile 1
a: Renounce Religion, Evoke Invisibility


You were on level 8 of the Dungeon.
You worshipped Vehumet.
Vehumet was most pleased with you.
You visited 1 branch of the dungeon, and saw 8 of its levels.

You collected 340 gold pieces.


Innate Abilities, Weirdness & Mutations

You have a beak for a mouth.
You have claws for feet.
Your magical flight helps you evade attacks. (EV +4)
You can magically evade attacks while moving or waiting.
You have sharp fingernails.
You are agile. (Dex +4, Str/Int -1)


   Skills:
 - Level 1.0 Fighting
 - Level 11.7 Ranged Weapons
 - Level 5.9 Dodging
 + Level 1.4 Spellcasting
 + Level 1.3 Conjurations
 - Level 2.1 Hexes
 - Level 1.1 Fire Magic
 + Level 1.4 Air Magic


You had 5 spell levels left.
You knew the following spells:

 Your Spells              Type           Power      Damage    Failure   Level
a - Jinxbite              Hex            14%        N/A       19%         2
b - Mephitic Cloud        Conj/Pois/Air  3%         N/A       17%         3

Your spell library contained the following spells:

 Spells                   Type           Power      Damage    Failure   Level
 Magic Dart               Conj           16%        1d3       5%          1
 Sandblast                Erth           2%         2d4       9%          1
 Inner Flame              Hex/Fire       5%         N/A       13%         3
 Stone Arrow              Conj/Erth      4%         3d7       17%         3
 Sigil of Binding         Hex            7%         N/A       36%         3
 Call Imp                 Summ           2%         N/A       43%         2
 Passwall                 Tmut/Erth      0%         N/A       43%         2
 Brom's Barrelling Bould  Conj/Erth      2%         2d3       50%         4
 Cause Fear               Hex            3%         N/A       77%         4
 Dimensional Bullseye     Hex/Tloc       2%         N/A       89%         4

Inventory:

Hand Weapons
 B - a +0 orcbow (weapon)
   (You took it off a centaur on level 5 of the Dungeon)
Armour
 f - a scarf of invisibility (worn)
   (You found it on level 1 of the Dungeon)
 h - a +2 hat (worn)
   (You found it on level 4 of the Dungeon)
 r - the +6 ring mail of Asceticism {rPois}
   (You found it on level 3 of the Dungeon)

   rPois:     It protects you from poison
 D - a +2 leather armour of poison resistance (worn)
   (You found it on level 7 of the Dungeon)
Jewellery
 l - a +6 ring of strength (right claw)
   (You found it on level 2 of the Dungeon)
 n - a +6 ring of intelligence
   (You found it on level 3 of the Dungeon)
 o - an amulet of reflection (around neck)
   (You found it on level 3 of the Dungeon)
 v - a +6 ring of dexterity (left claw)
   (You found it on level 4 of the Dungeon)
 y - a +6 ring of intelligence
   (You found it on level 5 of the Dungeon)
 C - an amulet of regeneration {@e2}
   (You found it on level 7 of the Dungeon)
Wands
 s - a wand of roots (6)
   (You found it on level 4 of the Dungeon)
 z - a wand of digging (4)
   (You found it on level 5 of the Dungeon)
 H - a wand of quicksilver (6)
   (You found it on level 7 of the Dungeon)
Scrolls
 a - a scroll of summoning
 b - 2 scrolls of poison {!r}
 c - 6 scrolls of teleportation {@r4}
 d - 3 scrolls of amnesia
 i - 2 scrolls of fear
 u - a scroll of noise {!r}
 w - a scroll of silence {unknown}
 F - a scroll of immolation {unknown}
Potions
 e - a potion of berserk rage {!q}
 g - 2 potions of curing {@q1}
 j - 3 potions of heal wounds {unknown}
 k - a potion of magic {unknown}
 p - a potion of attraction {unknown}
 t - a potion of degeneration {unknown}
 x - a potion of brilliance {unknown}
 I - a potion of might {unknown}

Dungeon Overview and Level Annotations

Branches:
Dungeon (8/15) Zot: 26798  Temple (0/1) D:4
   Lair: D:8-11

Altars:
Fedhas
Hepliaklqana
Kikubaaqudgha
Vehumet
Yredelemnul

Shops:
D:1 :

Annotations:
D:4 1 runed translucent door, Crazy Yiuf
D:8 Amaemon, Erica

##
##.###........#
#
#.).)........#
##...........#
##..........#
#..........#
#.....)....#
#.......).#
#####..#### #
##.@# # ##{##
## #..## .#
##.)# .##
..........#
..##
.........)#
#..#
.........).#
#..##
........##..#
##..##
.......## ....


There were no monsters in sight!


Message History

Fire: B) +0 orcbow
Press: ? - help, Shift-Dir - straight line, f/p - orc warrior
Aim: an orc warrior, wielding a +0 mace and wearing a +0 chain mail (chance to call a sprite on attack: 39%, 63% to hit)
You shoot an arrow. The arrow hits the orc warrior.
A giggling sprite leaps out and smacks the orc warrior with its own hand.
The jinxing sprites lose interest in you.
Something hits you. Something burns you. 😕 HP[-4]
You take 4 damage, and now have 43/47 hp.
Fire: B) +0 orcbow
Press: ? - help, Shift-Dir - straight line, f/p - orc warrior
Aim: an orc warrior, wielding a +0 mace and wearing a +0 chain mail (moderately wounded, heavily drained, 63% to hit)
You shoot an arrow.
The arrow barely misses the orc warrior.
Fire: B) +0 orcbow
Press: ? - help, Shift-Dir - straight line, f/p - orc warrior
Aim: an orc warrior, wielding a +0 mace and wearing a +0 chain mail (moderately wounded, heavily drained, 63% to hit)
You shoot an arrow. The arrow hits the orc warrior!
Something hits you. Something burns you. The orc warrior misses you. 😕 HP[-5]
You take 5 damage, and now have 38/47 hp.
Fire: B) +0 orcbow
Press: ? - help, Shift-Dir - straight line, f/p - orc warrior
Aim: an orc warrior, wielding a +0 mace and wearing a +0 chain mail (severely wounded, heavily drained, 63% to hit)
You shoot an arrow.
The arrow hits the orc warrior but does no damage.
You block the orc warrior's attack. You block something's attack.
Fire: B) +0 orcbow
Press: ? - help, Shift-Dir - straight line, f/p - orc warrior
Aim: an orc warrior, wielding a +0 mace and wearing a +0 chain mail (severely wounded, heavily drained, 63% to hit)
You shoot an arrow. The arrow hits the orc warrior!
Something hits you. Something burns you.
The orc warrior closely misses you. 😮 HP[-6]
You take 6 damage, and now have 32/47 hp.
Fire: B) +0 orcbow
Press: ? - help, Shift-Dir - straight line, f/p - orc warrior
Aim: an orc warrior, wielding a +0 mace and wearing a +0 chain mail (almost dead, heavily drained, 63% to hit)
You shoot an arrow.
The arrow completely misses the orc warrior.
The orc warrior seems less drained.
The orc warrior hits you but does no damage.
Something barely misses you.
Fire: B) +0 orcbow
Press: ? - help, Shift-Dir - straight line, f/p - orc warrior
Aim: an orc warrior, wielding a +0 mace and wearing a +0 chain mail (almost dead, 63% to hit)
You shoot an arrow.
The arrow closely misses the orc warrior.
Something hits you. Something burns you.
The orc warrior closely misses you. 😮 HP[-7]
You take 7 damage, and now have 25/47 hp.
Fire: B) +0 orcbow
Press: ? - help, Shift-Dir - straight line, f/p - orc warrior
Aim: an orc warrior, wielding a +0 mace and wearing a +0 chain mail (almost dead, 63% to hit)
You shoot an arrow. The arrow hits the orc warrior!
You kill the orc warrior!
Vehumet accepts your kill.
Vehumet is now aiding your destructive spells.
You feel your power returning.
You hear some strange, mumbled words.
Something tries to affect you, but you resist.
Your Conjurations skill increases to level 1!
Your Air Magic skill increases to level 1! 😮 MP[+2]
You regained 2 mp, and now have 11/12 mp.
Fire: B) +0 orcbow
Press: ? - help, Shift-Dir - straight line, f - you That would be overly suicidal.
Unknown command. 😮 HP[+1] MP[+1]
Your mp is fully restored (12).
Fire: B) +0 orcbow
Press: ? - help, Shift-Dir - straight line You shoot an arrow.
You hear some strange, mumbled words.
A lance of force appears from out of thin air!
The lance of force misses you.
Fire: B) +0 orcbow
Press: ? - help, Shift-Dir - straight line You shoot an arrow.
Something hits you!
* * * LOW HITPOINT WARNING * * *
Something burns you.
* * * LOW HITPOINT WARNING * * *
😨 HP[-8]
You take 8 damage, and now have 18/47 hp.
You shoot an arrow. Something completely misses you.
You shoot an arrow. Something hits you!
* * * LOW HITPOINT WARNING * * *
Something burns you.
* * * LOW HITPOINT WARNING * * *
😱 HP[-13]
You take 13 damage, and now have 5/47 hp.
MASSIVE DAMAGE!! (PAUSE)
You feel better. Something barely misses you. 😨 HP[+9]
You regained 9 hp, and now have 14/47 hp.
As you read the scroll of teleportation {@r4}, it crumbles to dust.
You feel strangely unstable.
You feel your willpower return. Something hits you!
You die...

Skill      XL: |  1  2  3  4  5  6  7  8  9 |
---------------+----------------------------+-----
Dodging        | 3 4 5 |  5.9
Ranged Weapons | 3 6 8 11 | 11.7
Conjurations   | 1 |  1.3
Air Magic      | 1 |  1.4
Fighting       | |  1.0
Spellcasting   | |  1.4
Hexes          | |  2.1
Fire Magic     | |  1.1

Action                     |  1- 3 |  4- 6 |  7- 9 || total
---------------------------+-------+-------+-------++-------
   Fire: Sling             |    87 |   187 |   109 ||   383
         Orcbow            |       |       |   179 ||   179
   Cast: Jinxbite          |       |     9 |     3 ||    12
  Evoke: Wand              |       |       |     3 ||     3
    Use: Scroll            |       |     5 |     6 ||    11
         Potion            |       |     3 |     2 ||     5
 Armour: Robe              |    15 |     3 |       ||    18
         Leather armour    |       |     8 |    21 ||    29
         Ring mail         |       |    32 |    19 ||    51
  Dodge: Dodged            |    35 |    57 |    74 ||   166
  Block: Other             |       |    16 |    17 ||    33
         Reflection        |       |       |     1 ||     1

Levels and vault maps discovered:
D:1:      lightli_arrival_isolated_outpost, layout_rooms,
          hellmonk_ecumenical_altar_dog_temple, serial_shops, shop,
          kennysheep_decorative_pillar
D:2:      layout_basic, uniq_jessica, uniq_natasha
D:3:      layout_basic, uniq_terence
D:4:      layout_loops_cross, nzn_hepliaklqana_mist_gate,
          minmay_temple_entry_drinking_statues, nicolae_wormholes,
          uniq_blork_the_orc, uniq_crazy_yiuf_cottage
D:5:      layout_basic, yredelemnul_altar_generic,
          fedhas_bush_and_centaur_altar, chequers_serial_rivers_micro_e
D:6:      layout_layer_cave, vehumet_crystals,
          amcnicky_mini_rare_corridor_liquid, uniq_pikel, uniq_jeremiah
D:7:      layout_loops_ring, kennysheep_vampire_church, small_statue_alley_b,
          minmay_splitting_lines
D:8:      layout_cave_pods, mainiacjoe_overflow_paths, serial_shops, shop,
          hangedman_decor_diamond_cutter, uniq_erica, uniq_amaemon

Notes
Turn   | Place    | Note
-------+----------+-------------------------------------------
     0 | D:1      | MackTheKnife the Tengu Hexslinger began the quest for the
                  | Orb.
     0 | D:1      | Reached XP level 1. HP: 12/12 MP: 3/3
     0 | D:1      | magus.rc [v1.9.6]
    37 | D:1      | You fall into a shaft and drop 1 floor!
   162 | D:1      | Reached XP level 2. HP: 16/16 MP: 4/4
   197 | D:1      | Reached skill level 3 in Dodging
   323 | D:1      | Found Ucoto's Book Shoppe.
   463 | D:1      | Reached XP level 3. HP: 20/20 MP: 5/5
   506 | D:1      | Found a faded altar of an unknown god.
   514 | D:1      | Prayed at the altar of an unknown god.
   514 | D:1      | Became a worshipper of Vehumet
   514 | D:1      | Reached * piety under Vehumet
   514 | D:1      | Offered knowledge of Sandblast by Vehumet.
   545 | D:2      | Reached skill level 4 in Dodging
   634 | D:2      | Noticed Jessica
   642 | D:2      | Killed Jessica
   643 | D:2      | Reached XP level 4. HP: 25/25 MP: 6/6
   705 | D:2      | Reached skill level 5 in Dodging
   777 | D:2      | Reached XP level 5. HP: 28/29 MP: 7/7
   934 | D:2      | Noticed Natasha
   939 | D:2      | Killed Natasha
  1026 | D:2      | Learned a level 2 spell: Jinxbite
  1686 | D:3      | Noticed Terence
  1697 | D:3      | Killed Terence
  1834 | D:3      | Reached skill level 3 in Ranged Weapons
  2018 | D:3      | Identified the +6 ring mail of Asceticism {rPois}
  2031 | D:3      | Offered knowledge of Freeze by Vehumet.
  2105 | D:3      | Reached ** piety under Vehumet
  2338 | D:4      | Found a staircase to the Ecumenical Temple.
  2354 | D:4      | Reached XP level 6. HP: 19/34 MP: 6/8
  2452 | D:4      | Noticed Blork the orc
  2460 | D:4      | Killed Blork the orc
  2461 | D:4      | Reached skill level 4 in Ranged Weapons
  2598 | D:4      | Found a hazy altar of Hepliaklqana.
  2808 | D:4      | Gained mutation: Armour fits poorly on your strangely
                  | shaped body. [potion of mutation]
  2808 | D:4      | Gained mutation: Your spells are a little harder to cast,
                  | but a little more powerful. [potion of mutation]
  2809 | D:4      | Lost mutation: Your spells are a little harder to cast, but
                  | a little more powerful. [potion of mutation]
  2809 | D:4      | Lost mutation: Armour fits poorly on your strangely shaped
                  | body. [potion of mutation]
  2809 | D:4      | Gained mutation: You are vulnerable to cold. (rC-) [potion
                  | of mutation]
  2809 | D:4      | Gained mutation: Your muscles are strong. (Str +4, Int/Dex
                  | -1) [potion of mutation]
  2810 | D:4      | Lost mutation: You are vulnerable to cold. (rC-) [potion of
                  | mutation]
  2810 | D:4      | Lost mutation: Your muscles are strong. (Str +4, Int/Dex
                  | -1) [potion of mutation]
  2810 | D:4      | Gained mutation: You are agile. (Dex +4, Str/Int -1)
                  | [potion of mutation]
  2810 | D:4      | Gained mutation: You have sharp fingernails. [potion of
                  | mutation]
  3001 | D:4      | Found a runed translucent door.
  3019 | D:4      | Identified the +0 hammer "Foixinn" {antimagic, rF+}
  3030 | D:4      | Identified the +1 hammer of Brutal Revenge {heavy, rF- rN+
                  | Str+4 SInv}
  3037 | D:4      | Noticed Crazy Yiuf
  3171 | D:4      | Reached skill level 5 in Ranged Weapons
  3200 | D:5      | Entered Level 5 of the Dungeon
  3342 | D:5      | Reached skill level 6 in Ranged Weapons
  3342 | D:5      | Gained mutation: Your magical flight helps you evade
                  | attacks. (EV +4) [Tengu growth]
  3342 | D:5      | Reached XP level 7. HP: 36/38 MP: 9/9
  3711 | D:5      | Found a basalt altar of Yredelemnul.
  3752 | D:5      | Reached skill level 7 in Ranged Weapons
  3772 | D:5      | Found a blossoming altar of Fedhas.
  4191 | D:6      | Noticed Jeremiah
  4200 | D:6      | HP: 3/38 [Jeremiah/divine providence (13)]
  4307 | D:7      | Reached skill level 8 in Ranged Weapons
  4316 | D:7      | Reached XP level 8. HP: 34/43 MP: 10/10
  4356 | D:7      | You pick up a book of Geomancy and begin reading...
  4356 | D:7      | You add the spells Sandblast, Passwall, Stone Arrow and
                  | Brom's Barrelling Boulder to your library.
  4805 | D:7      | Found an ancient bone altar of Kikubaaqudgha.
  4806 | D:7      | Offered knowledge of Mephitic Cloud by Vehumet.
  4807 | D:7      | Reached skill level 9 in Ranged Weapons
  5269 | D:6      | Found a radiant altar of Vehumet.
  5270 | D:6      | Noticed Pikel
  5300 | D:6      | Killed Pikel
  5301 | D:6      | Reached skill level 10 in Ranged Weapons
  5454 | D:6      | Killed Jeremiah
  5455 | D:6      | Reached skill level 11 in Ranged Weapons
  5455 | D:6      | Reached XP level 9. HP: 47/47 MP: 11/11
  5525 | D:6      | You pick up a book of Minor Magic and begin reading...
  5525 | D:6      | You add the spells Magic Dart, Call Imp and Mephitic Cloud
                  | to your library.
  5687 | D:6      | Learned a level 3 spell: Mephitic Cloud
  5937 | D:8      | Noticed Amaemon
  6083 | D:8      | Noticed Erica
  6100 | D:8      | Reached *** piety under Vehumet
  6101 | D:8      | Reached skill level 1 in Conjurations
  6101 | D:8      | Reached skill level 1 in Air Magic
  6107 | D:8      | HP: 9/47 [something (9)]
  6109 | D:8      | Slain by Erica

Vanquished Creatures
  Pikel (D:6)
  Jeremiah (D:6)
  An orc warrior (D:8)
  A black bear (D:7)
  A sky beast (D:6)
  A centaur (D:5)
  3 lemures (D:6)
  2 bullfrogs
  Blork the orc (D:4)
  A scorpion (D:6)
  2 vampire bats (D:7)
  A hound (D:5)
  2 jellies
  An orc priest (D:8)
  Jessica (D:2)
  A gnoll bouda (D:7)
  7 iguanas
  Terence (D:3)
  Natasha (D:2)
  An orc wizard (D:5)
  6 gnolls (D:7)
  7 adders
  A shadow imp (D:4)
  3 white imps
  9 worms
  3 dart slugs
  10 orcs
  8 ball pythons
  2 bat skeletons (D:7)
  2 bat zombies (D:7)
  7 endoplasms
  3 giant cockroaches
  A hobgoblin (D:1)
  4 jackals
  2 quokkas
  7 bats
  A frilled lizard (D:1)
  4 goblins
  6 kobolds
  2 rats
119 creatures vanquished.

Table legend:
 A = Non-vault XP
 B = Vault XP
 C = Vault XP percentage of total XP
 D = Non-vault monster count
 E = Vault monster count
 F = Vault count percentage of total count
                 A         B        C        D         E       F
            +---------+---------+-------+---------+---------+-------
      Total |    1512 |    1470 |  49.3 |      96 |      20 |  17.2
            +---------+---------+-------+---------+---------+-------
        D:1 |      39 |       4 |   9.3 |      21 |       2 |   8.7
        D:2 |     101 |      72 |  41.6 |      18 |       2 |  10.0
        D:3 |      23 |      36 |  61.0 |       9 |       1 |  10.0
        D:4 |     104 |     116 |  52.7 |       7 |       6 |  46.2
        D:5 |     363 |     106 |  22.6 |      14 |       1 |   6.7
        D:6 |     409 |    1021 |  71.4 |       8 |       2 |  20.0
        D:7 |     268 |     115 |  30.0 |      10 |       6 |  37.5
        D:8 |     205 |       0 |   0.0 |       9 |       0 |   0.0
            +---------+---------+-------+---------+---------+-------

Skill      XL: |  1  2  3  4  5  6  7  8  9 |
---------------+----------------------------+-----
Dodging        | 3 4 5 |  5.9
Ranged Weapons | 3 6 8 11 | 11.7
Conjurations   | 1 |  1.3
Air Magic      | 1 |  1.4
Fighting       | |  1.0
Spellcasting   | |  1.4
Hexes          | |  2.1
Fire Magic     | |  1.1

Action                     |  1- 3 |  4- 6 |  7- 9 || total
---------------------------+-------+-------+-------++-------
   Fire: Sling             |    87 |   187 |   109 ||   383
         Orcbow            |       |       |   179 ||   179
   Cast: Jinxbite          |       |     9 |     3 ||    12
  Evoke: Wand              |       |       |     3 ||     3
    Use: Scroll            |       |     5 |     6 ||    11
         Potion            |       |     3 |     2 ||     5
 Armour: Robe              |    15 |     3 |       ||    18
         Leather armour    |       |     8 |    21 ||    29
         Ring mail         |       |    32 |    19 ||    51
  Dodge: Dodged            |    35 |    57 |    74 ||   166
  Block: Other             |       |    16 |    17 ||    33
         Reflection        |       |       |     1 ||     1

Illustrated notes

Table legend:
 A = Kills in this place as a percentage of kills in the entire game.
 B = Kills by you in this place as a percentage of kills by you in the entire game.
 C = Kills by friends in this place as a percentage of kills by friends in the entire game.
 D = Other kills in this place as a percentage of other kills in the entire game.
 E = Experience gained in this place as a percentage of experience gained in the entire game.
 F = Experience gained in this place divided by the number of levels of this place that you have seen.
                   A       B       C       D       E      F
               +-------+-------+-------+-------+-------+----------------------
         Total | 100.0 | 100.0 |   N/A |   N/A | 100.0 | 372.8
       Dungeon | 100.0 | 100.0 |   N/A |   N/A | 100.0 | 372.8
               +-------+-------+-------+-------+-------+----------------------

Table legend: (Time is in decaauts)
 A = Elapsed time spent in this place.
 B = Non-inter-level travel time spent in this place.
 C = Inter-level travel time spent in this place.
 D = Time resting spent in this place.
 E = Time spent auto-exploring this place.
 F = Levels seen in this place.
 G = Mean time per level.
                   A        B        C        D        E       F      G
               +--------+--------+--------+--------+--------+-----+--------+
         Total |   6238 |   6021 |    217 |    231 |   4669 |   8 |  779.8 |
       Dungeon |   6238 |   6021 |    217 |    231 |   4669 |   8 |  779.8 |
               +--------+--------+--------+--------+--------+-----+--------+

Top non-repeatable levels by time:
     D:5: 998 daAuts
     D:7: 984 daAuts
     D:2: 965 daAuts
     D:4: 941 daAuts
     D:3: 897 daAuts
     D:6: 803 daAuts
     D:1: 479 daAuts
     D:8: 169 daAuts
